 Dungeon Crawl Stone Soup version 0.17.1-3-g152610e (webtiles) character file.

149 dearth the Sneak (level 5, -16/24 HPs)
             Began as a Spriggan Enchanter on Feb 26, 2016.
             Demolished by kaze's ghost (21 damage)
             ... on level 3 of the Dungeon.
             The game lasted 00:15:18 (2707 turns).

dearth the Sneak (Spriggan Enchanter)               Turns: 2707, Time: 00:15:18

Health: -16/24     AC:  3    Str:  4    XL:     5   Next: 9%
Magic:  3/11       EV: 19    Int: 18    God:
Gold:   124        SH:  0    Dex: 16    Spells: 4 memorised, 2 levels left

rFire  . . .     SeeInvis +     k - +2 dagger (speed)
rCold  . . .     Clarity  .     b - +1 robe
rNeg   . . .     SustAt   .     (shield restricted)
rPois  .         Gourm    .     (helmet restricted)
rElec  .         Spirit   .     (no cloak)
rCorr  .         Warding  .     (gloves unavailable)
rMut   .         Stasis   +     (boots unavailable)
MR     .....                    i - amulet of stasis
Stlth  ++++......               (no ring)
                                (no ring)

@: very slightly contaminated, very quick, not resistant to hostile
enchantments, stealthy
A: unfitting armour, see invisible, herbivore 3, speed 3, slow metabolism 2
a: no special abilities


You were on level 3 of the Dungeon.
You were not hungry.

You visited 1 branch of the dungeon, and saw 3 of its levels.

You collected 124 gold pieces.

Inventory:

Hand Weapons
 k - a +2 dagger of speed (weapon)
Missiles
 g - 105 stones (quivered)
 h - 49 poisoned needles
Armour
 b - a +1 robe (worn)
Jewellery
 i - an amulet of stasis (around neck)
Scrolls
 a - 2 scrolls of remove curse {unknown}
 f - a scroll of noise {unknown}
 j - 3 scrolls of identify {unknown}
 n - a scroll of recharging {unknown}
 o - a scroll of teleportation {unknown}
Potions
 e - 2 potions of cure mutation {unknown}
 l - a potion of curing {unknown}
 m - 2 potions of degeneration {unknown}
Books
 c - a book of Maledictions

   Spells                             Type                      Level
   a - Corona                         Hexes                        1
   b - Ensorcelled Hibernation        Hexes/Ice                    2
   c - Confuse                        Hexes                        3
   d - Tukima's Dance                 Hexes                        3
   e - Dazzling Spray                 Conjuration/Hexes            3
Comestibles
 d - 3 bread rations


   Skills:
 + Level 2.2 Short Blades
 + Level 4.4 Dodging
 + Level 5.8 Stealth
 + Level 3.6 Spellcasting
 + Level 4.6 Hexes


You had 2 spell levels left.
You knew the following spells:

 Your Spells              Type           Power        Failure   Level  Hunger
a - Corona                Hex            ###....      1%          1    None
b - Ensorcelled Hibernat  Hex/Ice        ##....       12%         2    ##.....
c - Tukima's Dance        Hex            ###.....     10%         3    ###....
d - Confuse               Hex            ###.....     10%         3    ###....


Dungeon Overview and Level Annotations

Branches:
Dungeon (3/15)

Altars:
Elyvilon
The Shining One

Annotations:
D:3 kaze's ghost, amateur TrBe


Innate Abilities, Weirdness & Mutations

You are tiny and cannot use many weapons and most armour.
You have supernaturally acute eyesight.
You are a herbivore.
You cover ground extremely quickly.
You need consume almost no food.


Message History

You hit kaze's ghost.
Kaze's ghost is heavily damaged.
You hit kaze's ghost but do no damage.
Kaze's ghost is heavily damaged.
Kaze's ghost completely misses you.
You hit kaze's ghost but do no damage.
Kaze's ghost is heavily damaged.
Kaze's ghost closely misses you.
You hit kaze's ghost but do no damage.
Kaze's ghost is heavily damaged.
You closely miss kaze's ghost.
Kaze's ghost is heavily damaged.
Kaze's ghost completely misses you.
You hit kaze's ghost.
Kaze's ghost is heavily damaged.
You hit kaze's ghost.
Kaze's ghost is heavily damaged.
Kaze's ghost hits you!!
Ouch! That really hurt!
You die...

#..........#...<........... #
#..........#...............
#######..........................
...............>.#...............
.#####...........#)..............
## #...........................#
# #<#...........##.....#.....##
#####.#..........###############
..)†)..........W@#
.##.############.### ....# #...#
..### ###.## #.# ##..### ...####
######%....# #.....####
#..........#
#..##....###..........#
##.##......#..........#


You could see kaze's ghost.

Vanquished Creatures
  3 gnolls (D:3)
  6 adders
  2 worms (D:2)
  2 giant geckos
  6 orcs (D:3)
  4 giant cockroaches
  4 hobgoblins
  2 jackals (D:3)
  2 quokkas (D:3)
  A ball python (D:3)
  10 bats
  3 giant newts
  4 goblins
  2 kobolds
  4 rats
55 creatures vanquished.

Vanquished Creatures (collateral kills)
  A gnoll (D:3)
1 creature vanquished.

Grand Total: 56 creatures vanquished

Notes
Turn   | Place    | Note
--------------------------------------------------------------
     0 | D:1      | dearth the Spriggan Enchanter began the quest for the Orb.
     0 | D:1      | Reached XP level 1. HP: 9/9 MP: 5/5
   507 | D:1      | Reached XP level 2. HP: 11/13 MP: 6/6
   760 | D:1      | Learned a level 2 spell: Ensorcelled Hibernation
   950 | D:2      | Reached XP level 3. HP: 16/16 MP: 8/8
  1037 | D:2      | Reached skill level 5 in Stealth
  1246 | D:2      | Found a glowing golden altar of the Shining One.
  1600 | D:3      | Reached XP level 4. HP: 21/21 MP: 9/9
  1610 | D:3      | Learned a level 3 spell: Tukima's Dance
  1614 | D:3      | Learned a level 3 spell: Confuse
  1794 | D:3      | Noticed kaze's ghost (amateur TrBe)
  1868 | D:3      | Found a white marble altar of Elyvilon.
  2388 | D:3      | Reached XP level 5. HP: 14/24 MP: 11/11
  2707 | D:3      | Demolished by kaze's ghost

Action                   |  1- 3 |  4- 6 || total
-------------------------+-------+-------++-------
Melee: Dagger            |   104 |    92 ||   196
Throw: Stone             |       |     1 ||     1
 Cast: Ensorcelled Hiber |       |     4 ||     4
       Confuse           |       |     4 ||     4
       Tukima's Dance    |       |     1 ||     1
 Stab: Sleeping          |    16 |     3 ||    19
       Distracted        |       |     3 ||     3
       Confused          |       |     1 ||     1
